AoeStats
← Clueless Clown

Nomad

504324664Analyzed
4v4 RM · 27d ago on Sep 4, 2026· 52m 43s· 8 players
Game mode
Random Map
Map size
231×231
Population
200
Speed
Normal
Resources
Standard
Victory
Conquest
Starting age
Dark Age
Ending age
Imperial Age
RankedLock teamsTeams togetherTeam positionsShared explorationLock speedFull tech treeHidden civsTurbo modeCheats
Victory
Defeat
🇩🇪 Japanese · Germany
1163
+10
🇧🇪 Vietnamese · Belgium
1070
+13
🇩🇪 Sicilians · Germany
1055
+14
🇩🇪 Byzantines · Germany
1034
+16
🇨🇦 Berbers · Canada
1030
-14
🇺🇸 Spanish · United States
1029
-14
🇷🇴 Bulgarians · Romania
1026
-13
🇺🇸 Italians · United States
981
-12
Elite Seraphim
7:06 Loom
16:24 Feudal Age
18:01 Wheelbarrow
17:01 Man-at-Arms
17:27 Arson
18:33 Double-Bit Axe
18:31 Horse Collar
19:45 Fishing Lines
22:27 Forging
27:01 Castle Age
25:04 Gold Mining
25:04 Stone Mining
26:09 Scale Barding Armor
25:55 Fletching
26:21 Bloodlines
28:44 Bow Saw
28:37 Gillnets
28:54 Husbandry
29:17 Chain Barding Armor
29:54 Iron Casting
30:43 Hand Cart
30:33 Heavy Plow
32:23 Bodkin Arrow
35:37 Imperial Age
33:33 Ballistics
34:08 Thumb Ring
35:18 Clinker Construction
36:28 Bracer
37:29 Blast Furnace
37:04 Plate Barding Armor
38:25 Chemistry
40:52 Scale Mail Armor
40:53 Padded Archer Armor
41:41 Conscription
40:42 Elite Camel Archer
42:10 Leather Archer Armor
42:02 Maghrebi Camels
42:33 Scale Mail Armor
43:04 Ring Archer Armor
41:57 Light Cavalry
43:06 Maghrebi Camels
43:08 Kasbah
42:45 Hussar
MonsterSmeat
3:33 Loom
14:00 Feudal Age
22:23 Castle Age
20:33 Double-Bit Axe
20:48 Stone Mining
21:39 Horse Collar
22:38 Wheelbarrow
29:53 Fletching
30:04 Padded Archer Armor
36:31 Scale Barding Armor
44:26 Bodkin Arrow
44:46 Leather Archer Armor
48:38 Imperial Age
48:50 Hand Cart
50:02 Conscription
51:00 Elite Conquistador
Clueless Clown
6:07 Loom
14:26 Feudal Age
16:11 Fletching
20:00 Castle Age
22:07 Bodkin Arrow
23:01 Guard Tower
24:35 Fishing Lines
25:26 Ballistics
26:39 Gillnets
26:16 Crossbowman
28:45 Gold Mining
30:05 Double-Bit Axe
31:40 Padded Archer Armor
32:19 Leather Archer Armor
34:33 Murder Holes
36:56 Wheelbarrow
37:28 Scale Mail Armor
37:39 Forging
42:48 Imperial Age
42:23 Squires
42:40 Chain Mail Armor
43:00 Iron Casting
42:35 Thumb Ring
44:29 Chemistry
43:53 Conscription
44:10 Bracer
45:55 Arbalester
50:52 Ring Archer Armor
SyL1on
15:58 Feudal Age
21:05 Fishing Lines
28:51 Castle Age
29:43 Squires
29:04 Pikeman
29:09 Pikeman
31:32 Wheelbarrow
30:44 Double-Bit Axe
31:29 Gillnets
43:26 Imperial Age
42:51 Bow Saw
Oracio
5:10 Loom
15:30 Feudal Age
16:47 Wheelbarrow
15:58 Town Watch
17:50 Gold Mining
17:48 Double-Bit Axe
17:46 Horse Collar
17:57 Fishing Lines
19:14 Town Watch
22:57 Castle Age
21:03 Man-at-Arms
22:03 Fletching
22:14 Padded Archer Armor
27:51 Heavy Plow
29:56 Bodkin Arrow
30:53 Elite Skirmisher
33:39 Leather Archer Armor
35:58 Hand Cart
35:52 Scale Mail Armor
36:03 Forging
41:52 Ballistics
43:16 Murder Holes
44:20 Squires
44:07 Arson
47:29 Imperial Age
44:51 Long Swordsman
46:49 Chain Mail Armor
49:11 Chemistry
47:53 Treadmill Crane
48:19 Siege Engineers
48:33 Bow Saw
48:56 Crop Rotation
50:19 Two-Man Saw
49:35 Two-Handed Swordsman
49:44 Imperial Skirmisher
50:46 Champion
53:13 Thumb Ring
Turaliyon
3:09 Loom
14:07 Feudal Age
15:00 Double-Bit Axe
19:08 Castle Age
21:02 Bow Saw
20:52 Gold Mining
20:53 Stone Mining
23:10 Horse Collar
28:02 Wheelbarrow
30:02 Hand Cart
34:08 Imperial Age
31:53 Forging
31:34 Fletching
32:06 Ballistics
32:12 Murder Holes
33:37 Iron Casting
34:07 Husbandry
33:30 Elite Skirmisher
35:57 Chemistry
36:02 Scale Barding Armor
35:53 Bodkin Arrow
36:40 Pikeman
37:21 Squires
37:06 Arson
37:28 Halberdier
40:53 Bombard Tower
41:20 Heavy Camel Rider
41:49 Gambesons
42:10 Scale Mail Armor
42:13 Padded Archer Armor
43:14 Conscription
46:08 Chain Barding Armor
46:04 Chain Mail Armor
52:17 Hoardings
Lord Horst
4:10 Loom
17:00 Feudal Age
19:34 Arson
21:51 Castle Age
21:01 Town Watch
21:21 Scale Mail Armor
22:06 Stone Mining
22:01 Horse Collar
24:27 Double-Bit Axe
27:21 Fletching
27:45 Forging
27:37 Squires
29:01 Stone Shaft Mining
29:43 Medium Warships
29:41 Fishing Lines
32:03 Bodkin Arrow
32:42 Heavy Plow
36:57 Bow Saw
40:57 Imperial Age
38:52 Chain Mail Armor
40:59 Capped Ram
42:05 Conscription
41:55 Gillnets
42:28 Murder Holes
42:00 Elite Skirmisher
44:33 Padded Archer Armor
49:45 Imperial Skirmisher
53:44 Wheelbarrow
Flörider
5:15 Loom
15:40 Feudal Age
16:28 Double-Bit Axe
21:47 Castle Age
19:37 Horse Collar
20:56 Bloodlines
22:12 Scale Barding Armor
22:44 Fletching
25:45 Wheelbarrow
25:52 Chain Barding Armor
28:04 Husbandry
30:14 Bodkin Arrow
35:01 Scale Mail Armor
35:18 Bow Saw
36:57 Ballistics
36:50 Arson
47:11 Imperial Age
48:30 Conscription
49:15 Chain Mail Armor
50:08 Forging
51:13 Light Cavalry
Connection lost

Rejoining the realm…

Still unreachable

The connection could not be restored.

Session expired

The server has moved on; the page needs a fresh start.